 Dungeon Crawl Stone Soup version 0.22-a0-268-g1cc83ef (webtiles) character file.

15627 neds the Grappler (level 12, -8/111 HPs)
             Began as a Troll Hunter on Mar 9, 2018.
             Was an Elder of Makhleb.
             Mangled by a mana viper (13 damage)
             ... on level 1 of the Snake Pit.
             The game lasted 01:48:44 (15325 turns).

neds the Grappler (Troll Hunter)                   Turns: 15325, Time: 01:48:44

Health: -8/111     AC:  7    Str: 23    XL:     12   Next: 2%
Magic:  5/15       EV:  9    Int:  7    God:    Makhleb [****..]
Gold:   578        SH:  0    Dex: 14    Spells: 10/11 levels left

rFire    + . .     SeeInvis .     - Unarmed
rCold    . . .     Gourm    +   (no shield)
rNeg     . . .     Faith    .   b - +1 robe
rPois    +         Spirit   .   (helmet restricted)
rElec    .         Reflect  .   Y - +0 cloak
rCorr    .         Harm     .   (gloves unavailable)
MR       .....                  (boots unavailable)
Stlth    +.........             n - amulet of rage
HPRegen  0.68/turn              D - ring of poison resistance
MPRegen  0.14/turn              S - ring of protection from fire

@: lethally poisoned (-8 -> -8), constricted
A: large, unfitting armour, claws 3, fast metabolism 3, gourmand, regeneration
1, shaggy fur 1, tough skin 2
a: Minor Destruction, Lesser Servant of Makhleb, Major Destruction, Renounce
Religion, Evoke Berserk Rage


You were on level 1 of the Snake Pit.
You worshipped Makhleb.
Makhleb was greatly pleased with you.
You were full.

You visited 4 branches of the dungeon, and saw 16 of its levels.
You also visited: Ossuary.

You collected 578 gold pieces.

Inventory:

Hand Weapons
 a - a +0 short sword
 u - a +4 club
Missiles
 c - 2 large rocks (quivered)
 d - a throwing net
Armour
 b - a +1 robe (worn)
 V - a +1 helmet of see invisible
 Y - a +0 cloak (worn)
Jewellery
 i - a +5 amulet of reflection
 n - an amulet of rage (around neck)
 D - a ring of poison resistance (left claw)
 H - an uncursed amulet of faith
 P - an uncursed ring of fire
 Q - an uncursed amulet of magic regeneration {unknown}
 S - a ring of protection from fire (right claw)
Wands
 t - a wand of paralysis (20)
 C - a wand of iceblast (12)
 E - a wand of polymorph (8)
 K - a wand of random effects (7)
 N - a wand of clouds (6)
 R - a wand of flame (26)
Scrolls
 e - 4 scrolls of remove curse
 k - 5 scrolls of immolation
 l - 4 scrolls of enchant armour
 m - 2 scrolls of amnesia
 p - 6 scrolls of random uselessness
 q - 4 scrolls of noise
 r - a scroll of blinking {unknown}
 v - 8 scrolls of identify
 y - 2 scrolls of teleportation
 L - 3 scrolls of enchant weapon
 M - 4 scrolls of fog {unknown}
 W - 2 scrolls of vulnerability
Potions
 g - 2 potions of curing
 h - a potion of brilliance {unknown}
 j - 3 potions of heal wounds
 o - a potion of ambrosia {unknown}
 s - 2 potions of magic {unknown}
 w - 3 potions of lignification
 x - 3 potions of flight
 z - 2 potions of mutation {unknown}
 A - 7 potions of degeneration
 B - 5 potions of haste {unknown}
 G - 4 potions of agility
 I - a potion of berserk rage {unknown}
 J - 2 potions of might
 X - 3 potions of resistance {unknown}
Miscellaneous
 T - a lamp of fire
 U - a box of beasts
Comestibles
 f - 18 rations


   Skills:
 + Level 5.2 Fighting
 - Level 7.0 Throwing
 - Level 4.1 Armour
 - Level 4.0 Dodging
 - Level 0.3 Stealth
 + Level 13.4 Unarmed Combat
 - Level 5.5 Invocations
 - Level 4.1 Evocations


You had 10 spell levels left.
You knew the following spells:

 Your Spells              Type           Power        Failure   Level  Hunger
a - Confusing Touch       Hex            #.....       43%         1    ##.....


Dungeon Overview and Level Annotations

Branches:
Dungeon (11/15)            Temple (1/1) D:5            Lair (3/6) D:10
  Snake (1/4) Lair:2          Orc (0/2) D:10
  Swamp: Lair:2-4    Shoals: Lair:2-4

Altars:
Ashenzari
Cheibriados
Dithmenos
Elyvilon
Fedhas
Gozag
Hepliaklqana
Kikubaaqudgha
Makhleb
Nemelex Xobeh
Okawaru
Qazlal
Ru
Sif Muna
Trog
Uskayaw
Vehumet
Wu Jian
Xom
Yredelemnul
Zin
The Shining One
Jiyva

Shops:
D:10 :


Innate Abilities, Weirdness & Mutations

You are too large for most types of armour.
You have claws for hands.
Your metabolism is lightning-fast.
You like to eat raw meat.
Your natural rate of healing is unusually fast.
You are covered in fur. (AC +1)
You have very tough skin. (AC +2)


Message History

You feel sick.
You are more poisoned.
The anaconda bites you but does no damage.
The anaconda constricts you. The black mamba barely misses you.
The anaconda bites you!
* * * LOW HITPOINT WARNING * * *
x2 The anaconda constricts you.
The black mamba bites you!
* * * LOW HITPOINT WARNING * * *
You feel much better. The anaconda bites you!
* * * LOW HITPOINT WARNING * * *
The black mamba bites you but does no damage.
The anaconda bites you.
* * * LOW HITPOINT WARNING * * *
x2 The anaconda constricts you.
The black mamba bites you!
* * * LOW HITPOINT WARNING * * *
The anaconda bites you but does no damage.
The black mamba bites you!
* * * LOW HITPOINT WARNING * * *
The mana viper bites you!
You die...

#..# ..##
#..##...##
#........#
#.........
#.........
#.........
#.........
#.SSN.....
#.@S......
##SS......
#........
#........
#..####..
#..# #
#... ##..


You could see 2 anacondas, a naga ritualist, a mana viper and 2 black mambas.

Vanquished Creatures
  A centaur warrior (D:9)
  A two-headed ogre (D:8)
  A manticore (D:10)
  5 spiny frogs
  2 komodo dragons
  A rime drake (Lair:2)
  A troll (D:8)
  A polar bear (Lair:1)
  5 slime creatures
  A hornet (D:10)
  5 blink frogs (Lair:2)
  2 hippogriffs (D:10)
  Sigmund (D:5)
  A wraith (D:8)
  A yak (Lair:2)
  Eustachio (D:4)
  A hungry ghost (D:8)
  2 nagas (Lair:2)
  A swamp worm (shapeshifter) (D:8)
  2 water moccasins
  6 orc warriors
  4 porcupines
  5 sky beasts
  2 ice beasts
  3 phantoms
  A black bear (D:8)
  5 ogres
  11 wolves (Lair:2)
  3 centaurs
  3 crocodiles
  3 big kobolds
  7 bullfrogs
  Blork the orc (D:5)
  6 wights
  8 killer bees
  A howler monkey (D:3)
  5 crimson imps
  8 jellies
  2 bullfrog zombies
  4 centaur zombies (Ossuary)
  A gnoll shaman (D:8)
  11 orc priests
  13 orc wizards
  4 centaur skeletons
  5 hounds
  Ijyb (D:4)
  2 bullfrog skeletons
  2 iguanas (D:5)
  6 worker ants
  A killer bee zombie (D:8)
  3 mummies (Ossuary)
  7 gnolls
  A howler monkey skeleton (D:10)
  9 adders
  8 oozes (D:3)
  An adder zombie (D:5)
  3 adder skeletons
  4 worms
  4 dart slugs
  6 leopard geckos
  47 orcs
  6 giant cockroaches
  2 gnoll zombies (Ossuary)
  9 hobgoblins
  15 jackals
  4 quokkas
  7 ball pythons
  8 bats
  5 frilled lizards
  4 goblins
  2 jackal skeletons
  28 kobolds
  2 orc zombies (Ossuary)
  A quokka skeleton (D:7)
  8 rats
  6 fungi
370 creatures vanquished.

Vanquished Creatures (collateral kills)
  A basilisk (Lair:2)
  2 bullfrogs
  3 killer bees (Lair:1)
6 creatures vanquished.

Vanquished Creatures (others)
  5 toadstools (D:3)
5 creatures vanquished.

Grand Total: 381 creatures vanquished

Notes
Turn   | Place    | Note
-------+----------+-------------------------------------------
     0 | D:1      | neds the Troll Hunter began the quest for the Orb.
     0 | D:1      | Reached XP level 1. HP: 19/19 MP: 0/0
   138 | D:1      | Reached skill level 1 in Unarmed Combat
   164 | D:1      | Reached XP level 2. HP: 27/27 MP: 1/1
   538 | D:1      | Reached XP level 3. HP: 33/33 MP: 2/2
   790 | D:2      | Reached skill level 2 in Unarmed Combat
  1377 | D:3      | Reached XP level 4. HP: 41/41 MP: 3/3
  1665 | D:3      | Reached skill level 3 in Unarmed Combat
  1676 | D:3      | Reached XP level 5. HP: 32/48 MP: 4/4
  1944 | D:3      | Reached skill level 5 in Throwing
  2580 | D:3      | Reached skill level 4 in Unarmed Combat
  2580 | D:3      | Reached XP level 6. HP: 49/55 MP: 5/5
  2603 | D:3      | Noticed an orc warrior
  2621 | D:3      | Killed an orc warrior
  2781 | D:3      | Reached skill level 5 in Unarmed Combat
  2782 | D:3      | Reached XP level 7. HP: 62/62 MP: 6/6
  2990 | D:4      | Noticed Eustachio
  3700 | D:4      | Killed Eustachio
  3818 | D:4      | Found a shadowy altar of Dithmenos.
  3846 | D:4      | Noticed Ijyb
  3860 | D:4      | Killed Ijyb
  3961 | D:4      | Reached skill level 6 in Unarmed Combat
  3988 | D:5      | Entered Level 5 of the Dungeon
  4009 | D:5      | Noticed Blork the orc
  4016 | D:5      | Killed Blork the orc
  4055 | D:5      | Found a sand-covered staircase.
  4060 | Ossuary  | Entered an ossuary
  4169 | Ossuary  | Reached XP level 8. HP: 70/70 MP: 7/7
  4286 | Ossuary  | Reached skill level 1 in Armour
  4430 | D:5      | Found a burning altar of Makhleb.
  4433 | D:5      | Found a glowing silver altar of Zin.
  4434 | D:5      | Noticed an angel
  4434 | D:5      | Noticed a cacodemon
  4486 | D:5      | Reached skill level 7 in Unarmed Combat
  4573 | D:5      | Found a staircase to the Ecumenical Temple.
  4589 | D:5      | Noticed Sigmund
  4649 | D:5      | Killed Sigmund
  5466 | D:5      | Reached skill level 8 in Unarmed Combat
  5651 | Temple   | Entered the Ecumenical Temple
  5801 | D:5      | Became a worshipper of Makhleb the Destroyer
  5850 | D:5      | Reached XP level 9. HP: 36/76 MP: 8/8
  6624 | D:7      | Reached skill level 9 in Unarmed Combat
  6700 | D:7      | Reached * piety under Makhleb
  6717 | D:7      | Found a hazy altar of Hepliaklqana.
  6902 | D:7      | Found a sparkling altar of Nemelex Xobeh.
  6906 | D:7      | Found a shimmering altar of Xom.
  6907 | D:7      | Found a stormy altar of Qazlal.
  6908 | D:7      | Found an iron altar of Okawaru.
  6910 | D:7      | Found an ancient bone altar of Kikubaaqudgha.
  6911 | D:7      | Found a deep blue altar of Sif Muna.
  6912 | D:7      | Found a glowing golden altar of the Shining One.
  7044 | D:7      | Found an ornate altar of the Wu Jian Council.
  7445 | D:8      | Noticed a two-headed ogre
  7942 | D:8      | Reached skill level 10 in Unarmed Combat
  8004 | D:8      | Reached ** piety under Makhleb
  8025 | D:8      | Found a basalt altar of Yredelemnul.
  8325 | D:8      | Reached XP level 10. HP: 82/91 MP: 9/9
  9577 | D:8      | Noticed a sea snake
  9582 | D:8      | a sea snake changed into a slime creature
  9682 | D:8      | Killed a two-headed ogre
  9741 | D:8      | Reached skill level 11 in Unarmed Combat
  9764 | D:9      | Noticed a centaur warrior
  9771 | D:9      | Killed a centaur warrior
  9804 | D:9      | Found a blossoming altar of Fedhas.
 10515 | D:9      | Reached *** piety under Makhleb
 10753 | D:10     | Entered Level 10 of the Dungeon
 10795 | D:10     | Found a staircase to the Lair.
 11000 | D:10     | Noticed a manticore
 11265 | D:10     | Killed a manticore
 11265 | D:10     | Reached XP level 11. HP: 86/100 MP: 11/13
 11328 | D:10     | Reached skill level 1 in Invocations
 11416 | D:10     | Found a staircase to the Orcish Mines.
 11657 | D:10     | Reached skill level 12 in Unarmed Combat
 12095 | D:10     | Found Wely's Book Emporium.
 12743 | Lair:1   | Entered Level 1 of the Lair of Beasts
 13672 | Lair:2   | Reached **** piety under Makhleb
 13721 | Lair:2   | Reached skill level 5 in Invocations
 13940 | Lair:2   | Reached skill level 13 in Unarmed Combat
 14088 | Lair:2   | Learned a level 1 spell: Confusing Touch
 14364 | Lair:2   | Found a staircase to the Snake Pit.
 15037 | Lair:2   | Reached skill level 5 in Fighting
 15100 | Lair:3   | Reached XP level 12. HP: 79/111 MP: 15/15
 15318 | Snake:1  | Entered Level 1 of the Snake Pit
 15318 | Snake:1  | Noticed an anaconda
 15321 | Snake:1  | Noticed an anaconda
 15325 | Snake:1  | HP: 5/111 [black mamba (11)]
 15325 | Snake:1  | Mangled by a mana viper

Vault maps used:
D:1:      ncdulo_lavacross
D:2:      first_ration, grunt_ministairs_6
D:3:      cheibrodos_fertilizer, grunt_decor_cap
D:4:      kennysheep_mini_moat, uniq_ijyb, uniq_eustachio
D:5:      grunt_temple_overflow_order_and_chaos_2, temple_doors_e,
          enter_ossuary_2, uniq_blork_the_orc, uniq_sigmund
D:6:      lemuel_old_faithful
D:7:      lemuel_crystal_altar, overflow_temple_1_default, minitemple
D:8:      basic_altar, minmay_the_grid_2x2
D:9:      kennysheep_little_box
D:10:     lair_entry_dummy, david_orc_3, serial_shops, shop_fountains
D:11:     hangedman_stone_soup
Temple:   pf_slimified_temple
Lair:1:   special_room, serial_bayou_shore_a
Lair:2:   minmay_snake_entry_guardpost_small, minmay_holes
Lair:3:   elwin_shoals_entry_rooms, uniq_urug
Snake:1:  grunt_megastairs_3, uniq_nikola
Ossuary:  ossuary_crypta

Skill      XL: |  1  2  3  4  5  6  7  8  9 10 11 |
---------------+----------------------------------+-----
Unarmed Combat | 1 2 3 4 5 6 8 10 11 13 | 13.4
Throwing       | 4 5 6 7 |  7.0
Armour         | 4 |  4.1
Dodging        | 4 |  4.0
Fighting       | 3 4 5 |  5.2
Evocations     | 4 |  4.1
Invocations    | 5 |  5.5
Stealth        | |  0.3

Action                   |  1- 3 |  4- 6 |  7- 9 | 10-12 || total
-------------------------+-------+-------+-------+-------++-------
Melee: Unarmed           |   159 |   131 |   395 |   489 ||  1174
       Punch             |     1 |     1 |    13 |    38 ||    53
Throw: Large rock        |       |     9 |    40 |    27 ||    76
       Throwing net      |       |       |       |     1 ||     1
Invok: Lesser Servant of |       |       |       |     5 ||     5
       Minor Destruction |       |       |       |     1 ||     1
Evoke: Wand              |       |       |       |     1 ||     1
       Box of beasts     |       |       |       |     1 ||     1
  Use: Scroll            |       |       |    13 |     5 ||    18
       Potion            |       |       |       |     4 ||     4
 Stab: Sleeping          |     1 |       |       |     1 ||     2
       Distracted        |       |       |       |     1 ||     1
  Eat: Chunk             |    18 |    13 |    49 |    60 ||   140
       Ration            |       |       |       |     3 ||     3
Armor: Robe              |    68 |    46 |    99 |   136 ||   349
       Skin              |       |       |     1 |       ||     1
Dodge: Dodged            |    98 |    58 |   154 |   277 ||   587

Table legend:
 A = Spawn XP
 B = Non-spawn XP
 C = Spawn XP percentage of total XP
 D = Spawn monster count
 E = Non-spawn monster count
 F = Spawn count percentage of total count
 G = Total turns spent on level
                    A         B        C        D         E        F      G
               +---------+---------+-------+---------+---------+-------+---------
         Total |       0 |   22325 |   0.0 |       0 |     370 |   0.0 | 15325
               +---------+---------+-------+---------+---------+-------+---------
           D:1 |       0 |      49 |   0.0 |       0 |      29 |   0.0 |   777
           D:2 |       0 |      65 |   0.0 |       0 |      25 |   0.0 |   761
           D:3 |       0 |     700 |   0.0 |       0 |      48 |   0.0 |  1508
           D:4 |       0 |     406 |   0.0 |       0 |      17 |   0.0 |  1064
           D:5 |       0 |    1441 |   0.0 |       0 |      27 |   0.0 |  1467
           D:6 |       0 |     756 |   0.0 |       0 |      19 |   0.0 |   674
           D:7 |       0 |     789 |   0.0 |       0 |      36 |   0.0 |  1072
           D:8 |       0 |    3712 |   0.0 |       0 |      51 |   0.0 |  2195
           D:9 |       0 |    2124 |   0.0 |       0 |      28 |   0.0 |  1208
          D:10 |       0 |    3405 |   0.0 |       0 |      27 |   0.0 |  1662
        Lair:1 |       0 |    2473 |   0.0 |       0 |      20 |   0.0 |   769
        Lair:2 |       0 |    5539 |   0.0 |       0 |      29 |   0.0 |  1646
        Lair:3 |       0 |     624 |   0.0 |       0 |       3 |   0.0 |   160
       Ossuary |       0 |     242 |   0.0 |       0 |      11 |   0.0 |   277
               +---------+---------+-------+---------+---------+-------+---------
